 Dungeon Crawl Stone Soup version 0.29-a0-284-gf9362112df (webtiles) character file.

Game seed: 15505272995829469455

971 sammy202020 the Skirmisher (level 7, -16/57 HPs)
             Began as a Demonspawn Berserker on Mar 18, 2022.
             Was an Elder of Trog.
             Demolished by an ogre
             ... wielding a +0 giant spiked club
              (27 damage)
             ... on level 5 of the Dungeon.
             The game lasted 00:07:55 (3818 turns).

sammy202020 the Skirmisher (Demonspawn Berserker)   Turns: 3818, Time: 00:07:56

Health: -16/57     AC:  9    Str: 18    XL:     7   Next: 94%
Magic:  0/7        EV: 12    Int: 10    God:    Trog [****..]
Gold:   228        SH:  0    Dex: 12    Spells: 6/6 levels left

rFire   . . .      SeeInvis .   x - +1 great mace
rCold   . . .      Faith    .   (shield currently unavailable)
rNeg    . . .      Spirit   +   c - +0 ring mail
rPois   .          Reflect  .   (no helmet)
rElec   .          Harm     .   h - +0 cloak
rCorr   .          Rampage  .   i - +0 pair of gloves
Will    ++...                   j - +0 pair of boots
Stlth   +.........              b - amulet of regeneration
HPRegen 1.99/turn               (no ring)
MPRegen 0.20/turn               (no ring)

@: strong-willed, regenerating
A: powered by death 2, magic shield, magic regeneration
a: Renounce Religion, Berserk, Trog's Hand, Brothers in Arms


You were on level 5 of the Dungeon.
You worshipped Trog.
Trog was greatly pleased with you.
You visited 1 branch of the dungeon, and saw 5 of its levels.

You collected 228 gold pieces.

Inventory:

Hand Weapons
 a - a +0 mace
 u - a +0 flail
 x - a +1 great mace (weapon)
Missiles
 o - 29 poisoned darts (quivered)
 v - 2 throwing nets
 w - a boomerang
Armour
 c - a +0 ring mail (worn)
 h - a +0 cloak (worn)
 i - a +0 pair of gloves (worn)
 j - a +0 pair of boots (worn)
Jewellery
 b - an amulet of regeneration (around neck)
Wands
 t - a wand of paralysis (11)
Scrolls
 e - a scroll of teleportation
 n - a scroll of silence
 p - 2 scrolls of enchant weapon
 r - a scroll of torment
Potions
 d - a potion of curing
 f - a potion of heal wounds
 g - 2 potions of lignification {unknown}
 k - 2 potions of degeneration {unknown}
 l - a potion of magic {unknown}
 m - 2 potions of brilliance {unknown}
 q - a potion of ambrosia {unknown}
 s - 2 potions of flight {unknown}


   Skills:
 * Level 5.7 Fighting
 * Level 5.1 Maces & Flails
 * Level 4.8 Armour
 + Level 3.5 Dodging


You had 6 spell levels left.
You didn't know any spells.
Your spell library was empty.

Dungeon Overview and Level Annotations

Branches:
Dungeon (5/15)
 Temple: D:4-7

Altars:
Trog

Shops:
D:1 :   D:2 *


Innate Abilities, Weirdness & Mutations

You regenerate health from kills.
When hurt, damage is shared between your health and your magic reserves.
You regenerate magic rapidly.


Message History

You miss the ufetubus. The ufetubus misses you. The ufetubus barely misses you.
The ufetubus closely misses you.
The ufetubus hits you but does no damage. x2
The ufetubus misses you.
You barely miss the ufetubus. The ufetubus completely misses you.
The ufetubus hits you but does no damage. x2
The ufetubus hits you.
You miss the ufetubus.
The ufetubus hits you but does no damage. x3
The ufetubus closely misses you.
You closely miss the ufetubus. The ufetubus hits you.
The ufetubus completely misses you. The ufetubus closely misses you.
The ufetubus hits you but does no damage.
You closely miss the ufetubus. The ufetubus closely misses you.
The ufetubus misses you. The ufetubus closely misses you.
The ufetubus barely misses you.
You miss the ufetubus. The ufetubus closely misses you.
The ufetubus barely misses you.
The ufetubus hits you but does no damage. x2
You sock the ufetubus!
You kill the ufetubus!
Trog accepts your kill.
You barely miss the ogre.
The ogre hits you with a +0 giant spiked club!
You completely miss the ogre.
The ogre hits you with a +0 giant spiked club.
You hit the ogre.
The ogre is lightly wounded.
The ogre hits you with a +0 giant spiked club!
Your skin crawls.
You feel strong-willed. The ogre closely misses you.
You hit the ogre.
The ogre is moderately wounded.
The ogre hits you with a +0 giant spiked club!!
* * * LOW HITPOINT WARNING * * *
You bludgeon the ogre!!
The ogre is almost dead.
The ogre hits you with a +0 giant spiked club!!
You die...

................. # #
.................#.#.
..................#.#
########'########.#.#
# #..#.....#.#.#.#.#
#..'.....#..5.....
#..#.....#..#
#..#.....#.h+
##.####@##..#
##.####O##O.#
.......hg...#
............+
#############


You could see a black bear, an ogre and a gnoll.

Vanquished Creatures
  Sigmund (D:2)
  The ghost of Insxnity the Shield-Bearer, an amateur TrFi of Trog (D:4)
  A centaur (D:5)
  A kobold brigand (D:4)
  A scorpion (D:4)
  4 hounds
  A jelly (D:4)
  A gnoll shaman (D:4)
  An orc priest (D:4)
  2 iguanas
  4 gnolls (D:4)
  8 adders
  2 ufetubi (D:5)
  5 worms
  5 orcs
  12 ball pythons
  7 endoplasms
  3 giant cockroaches
  4 hobgoblins
  17 jackals
  19 kobolds
  4 quokkas
  4 bats
  8 frilled lizards
  5 goblins
  5 rats
126 creatures vanquished.

Vanquished Creatures (others)
  10 fungi (D:4)
  A plant (D:2)
11 creatures vanquished.

Grand Total: 137 creatures vanquished

Notes
Turn   | Place    | Note
-------+----------+-------------------------------------------
     0 | D:1      | sammy202020 the Demonspawn Berserker began the quest for
                  | the Orb.
     0 | D:1      | Reached XP level 1. HP: 18/18 MP: 1/1
   201 | D:1      | Found a faded altar of an unknown god.
   404 | D:1      | Gained mutation: You regenerate a little health from kills.
                  | [demonic ancestry]
   404 | D:1      | Reached XP level 2. HP: 24/24 MP: 2/2
   794 | D:1      | Found Saul's Book Boutique.
   882 | D:2      | Found Jif Vaem's Assorted Antiques.
   887 | D:2      | Noticed Sigmund
   909 | D:2      | Gained mutation: You regenerate magic rapidly. [demonic
                  | ancestry]
   909 | D:2      | Reached XP level 3. HP: 11/29 MP: 3/3
   922 | D:2      | Killed Sigmund
   923 | D:2      | Gained mutation: When hurt, damage is shared between your
                  | health and your magic reserves. [demonic ancestry]
   923 | D:2      | Reached XP level 4. HP: 12/37 MP: 4/4
   923 | D:2      | Reached XP level 5. HP: 14/42 MP: 5/5
   977 | D:2      | Reached ** piety under Trog
  1632 | D:3      | Reached XP level 6. HP: 49/49 MP: 6/6
  1926 | D:3      | Reached *** piety under Trog
  2863 | D:4      | Gained mutation: You regenerate health from kills. [demonic
                  | ancestry]
  2863 | D:4      | Reached XP level 7. HP: 39/55 MP: 4/7
  2944 | D:4      | Reached skill level 5 in Fighting
  3028 | D:4      | Found a runed translucent gate.
  3028 | D:4      | Found a runed translucent gate.
  3028 | D:4      | Noticed Insxnity's ghost (amateur TrFi)
  3030 | D:4      | Found a runed translucent gate.
  3325 | D:4      | Noticed a moth of wrath
  3329 | D:4      | Found a bloodstained altar of Trog.
  3505 | D:4      | HP: 3/84 [kobold brigand/+2 short sword of chaos (2)]
  3512 | D:4      | Reached **** piety under Trog
  3530 | D:4      | Killed Insxnity's ghost
  3606 | D:5      | Entered Level 5 of the Dungeon
  3677 | D:5      | Reached skill level 5 in Maces & Flails
  3818 | D:5      | Demolished by an ogre

Illustrated notes

Levels and vault maps discovered:
D:1:      psy_arrival_fountain, layout_loops_cross,
          ebering_ecumenical_altar_rust, serial_shops, nicolae_shop_trees,
          grunt_decor_clamped
D:2:      layout_loops_ring, serial_shops, nicolae_shop_overgrown_old_shop,
          uniq_sigmund
D:3:      minmay_skewed_foursquare, layout_loops_ring, hex_medium,
          nicolae_elevator_lobby_asterisk
D:4:      layout_loops_ring, tgw_trog, gammafunk_ghost_nasty_kobolds,
          dreamdust_mushroom_princess
D:5:      layout_gridville, minmay_manual_maat

Skill      XL: |  1  2  3  4  5  6  7 |
---------------+----------------------+-----
Armour         | 2 3 4 |  4.8
Dodging        | 2 3 |  3.5
Maces & Flails | 3 4 5 |  5.1
Fighting       | 4 5 |  5.7

Action                   |  1- 3 |  4- 6 |  7- 9 || total
-------------------------+-------+-------+-------++-------
Melee: Mace              |    93 |   212 |       ||   305
       Punch             |     1 |     3 |       ||     4
       Flail             |       |    68 |     8 ||    76
       Great mace        |       |       |   108 ||   108
Invok: Berserk           |     1 |       |     1 ||     2
       Trog's Hand       |       |     1 |     3 ||     4
  Use: Scroll            |       |     6 |     4 ||    10
Armor: Ring mail         |    32 |   139 |    78 ||   249
Dodge: Dodged            |    67 |   220 |   119 ||   406

Table legend: (Time is in decaauts)
 A = Elapsed time spent in this place.
 B = Non-inter-level travel time spent in this place.
 C = Inter-level travel time spent in this place.
 D = Time resting spent in this place.
 E = Time spent auto-exploring this place.
 F = Levels seen in this place.
 G = Mean time per level.
                   A        B        C        D        E       F      G
               +--------+--------+--------+--------+--------+-----+--------+
         Total |   3961 |   3954 |      7 |      0 |   2680 |   5 |  792.2 |
       Dungeon |   3961 |   3954 |      7 |      0 |   2680 |   5 |  792.2 |
               +--------+--------+--------+--------+--------+-----+--------+

Top non-repeatable levels by time:
     D:4: 1198 daAuts
     D:3: 954 daAuts
     D:1: 898 daAuts
     D:2: 682 daAuts
     D:5: 227 daAuts
